 Dungeon Crawl Stone Soup version 0.27-a0-972-gd1521fd518 (webtiles) character file.

Game seed: 14509086624554897702

682 Alarkh the Insei (level 7, -9/52 HPs)
             Began as a Demonspawn Transmuter on Apr 13, 2021.
             Was an Initiate of Cheibriados.
             Mangled by an iguana (10 damage)
             ... on level 5 of the Dungeon.
             The game lasted 00:04:23 (4696 turns).

Alarkh the Insei (Demonspawn Transmuter)            Turns: 4696, Time: 00:04:24

Health: -9/52      AC:  4    Str: 12    XL:     7   Next: 34%
Magic:  12/12      EV: 12    Int: 17    God:    Cheibriados [......]
Gold:   139        SH:  0    Dex: 14    Spells: 5/13 levels left

rFire    + + .     SeeInvis .     - Unarmed
rCold    + . .     Faith    .   (no shield)
rNeg     . . .     Spirit   .   j - +0 robe {rC+ rF+}
rPois    .         Reflect  .   (no helmet)
rElec    .         Harm     .   (no cloak)
rCorr    .         Rampage  .   (no gloves)
Will     .....                  (no boots)
Stlth    +.........             (no amulet)
HPRegen  0.17/turn              v - ring of protection from fire
MPRegen  0.13/turn              (no ring)

@: marked, very slow
A: hooves 1, spiny 1, sharp scales 2
a: Renounce Religion, Bend Time


You were on level 5 of the Dungeon.
You worshipped Cheibriados.
Cheibriados was noncommittal.
You visited 2 branches of the dungeon, and saw 6 of its levels.

You collected 139 gold pieces.

Inventory:

Missiles
 q - 6 poisoned darts
Armour
 a - a +0 robe
 j - a +0 robe of resistance (worn)
Jewellery
 v - a ring of protection from fire (left hand)
 x - a ring of protection from fire
Scrolls
 b - 3 scrolls of noise {unknown}
 g - a scroll of fear {unknown}
 h - a scroll of blinking
 i - a scroll of enchant armour {unknown}
 k - 2 scrolls of teleportation {unknown}
 n - 2 scrolls of vulnerability {unknown}
 o - 2 scrolls of fog {unknown}
 r - a scroll of identify
 u - a scroll of magic mapping {unknown}
Potions
 c - a potion of heal wounds
 d - a potion of mutation
 e - a potion of cancellation
 f - a potion of flight {unknown}
 l - 2 potions of haste {unknown}
 m - 2 potions of magic {unknown}
 p - a potion of attraction {unknown}
 s - a potion of degeneration {unknown}
 t - a potion of resistance {unknown}
 w - a potion of curing {unknown}


   Skills:
 + Level 3.5 Fighting
 - Level 1.7 Dodging
 * Level 5.3 Unarmed Combat
 + Level 3.8 Spellcasting
 + Level 3.6 Transmutations


You had 5 spell levels left.
You knew the following spells:

 Your Spells              Type           Power      Damage    Failure   Level
a - Beastly Appendage     Tmut           30%        N/A       3%          1
b - Spider Form           Tmut/Pois      4%         N/A       22%         3
c - Ice Form              Ice/Tmut       9%         N/A       58%         4

Your spell library contained the following spells:

 Spells                   Type           Power      Damage    Failure   Level
 Wereblood                Tmut           15%        N/A       5%          2
 Animate Skeleton         Necr           6%         N/A       16%         1
 Apportation              Tloc           6%         N/A       16%         1
 Corona                   Hex            3%         N/A       16%         1
 Summon Small Mammal      Summ           12%        N/A       16%         1
 Hydra Form               Tmut           7%         N/A       69%         5


Dungeon Overview and Level Annotations

Branches:
Dungeon (5/15)             Temple (1/1) D:4

Altars:
Ashenzari
Cheibriados
Elyvilon
Fedhas
Gozag
Hepliaklqana
Kikubaaqudgha
Makhleb
Nemelex Xobeh
Okawaru
Ru
Sif Muna
Trog
Uskayaw
Vehumet
Wu Jian
Yredelemnul


Innate Abilities, Weirdness & Mutations

You have large cloven feet.
You are partially covered in sharp spines.
You are mostly covered in razor-sharp scales. (AC +2, Slay +2)


Message History

Found 22 stones.
Found a hand axe.
Found a stone staircase leading up.
n - 2 scrolls labelled TIQUFO TAXUAJ (gained 1)
You see here a +0 hand axe.
w - a fuming coppery potion
x - a ring of protection from fire No target in view!
There is a stone staircase leading up here.
You set off the alarm!
A sentinel's mark forms upon you.
You hear an angry hiss.
You hear a shout!
You hear a howl!
You hear a shout! x2
You hear an angry hiss.
You hear a bark!
You hear an angry hiss.
An iguana comes into view.
An iguana is nearby!
An iguana is nearby!
An ice beast comes into view.
A centaur comes into view.
The centaur wields a +0 shortbow.
The centaur shoots an arrow.
The arrow hits you! The iguana is struck by your spines.
The iguana closely misses you.
The centaur shoots an arrow.
The arrow hits you!
The iguana bites you but does no damage.
You closely miss the iguana.
The iguana is moderately wounded.
The centaur shoots an arrow.
The arrow hits you!
The centaur shoots an arrow.
The arrow hits you!
* * * LOW HITPOINT WARNING * * *
The iguana is struck by your spines. The iguana closely misses you.
You are too injured to fight recklessly!
You are too injured to fight recklessly!
You are too injured to fight recklessly!
You are too injured to fight recklessly!
You are too injured to fight recklessly!
You are too injured to fight recklessly!
You are too injured to fight recklessly!
You are too injured to fight recklessly!
The centaur shoots an arrow.
The arrow hits you!
* * * LOW HITPOINT WARNING * * *
The iguana is struck by your spines. The iguana bites you!
You die...

#........## #..........
#$........ #......#
#......# #...Y..#
#..#...#
##########.l##.#
#........##@# ..
#######....##.####.#
#...........<....# #
#............#.#.#
#............#.....
#.....)..............
###...........##.......
#.............(........
#.............###......


You could see an ice beast and an iguana.

Vanquished Creatures
  Sigmund (D:3)
  Menkaure (D:4)
  An ice beast (D:5)
  2 hounds (D:4)
  An orc priest (D:3)
  An iguana (D:4)
  Terence (D:3)
  Natasha (D:3)
  An orc wizard (D:3)
  6 adders
  2 worms
  2 dart slugs
  2 orcs
  3 bats
  3 endoplasms
  4 giant cockroaches
  5 goblins
  4 hobgoblins
  2 jackals (D:2)
  A quokka (D:1)
  7 ball pythons
  3 frilled lizards
  6 kobolds
  6 rats
66 creatures vanquished.

Vanquished Creatures (others)
  5 fungi (D:2)
  6 plants (D:2)
  A withered plant (D:2)
12 creatures vanquished.

Grand Total: 78 creatures vanquished

Notes
Turn   | Place    | Note
-------+----------+-------------------------------------------
     0 | D:1      | Alarkh the Demonspawn Transmuter began the quest for the
                  | Orb.
     0 | D:1      | Reached XP level 1. HP: 15/15 MP: 3/3
   390 | D:1      | Gained mutation: You are partially covered in sharp spines.
                  | [demonic ancestry]
   390 | D:1      | Reached XP level 2. HP: 18/21 MP: 3/5
   548 | D:1      | Reached skill level 3 in Unarmed Combat
  1174 | D:2      | Found a faded altar of an unknown god.
  1279 | D:2      | Reached XP level 3. HP: 26/26 MP: 4/6
  2381 | D:3      | Gained mutation: You are partially covered in razor-sharp
                  | scales. (AC +1, Slay +1) [demonic ancestry]
  2381 | D:3      | Reached XP level 4. HP: 14/33 MP: 7/7
  2659 | D:3      | Noticed Terence
  2679 | D:2      | Learned a level 3 spell: Spider Form
  2684 | D:2      | Learned a level 4 spell: Ice Form
  2694 | D:3      | Killed Terence
  2781 | D:3      | Noticed Sigmund
  2802 | D:3      | Killed Sigmund
  2803 | D:3      | Reached skill level 4 in Unarmed Combat
  2803 | D:3      | Gained mutation: You have large cloven feet. [demonic
                  | ancestry]
  2803 | D:3      | Reached XP level 5. HP: 21/39 MP: 5/9
  3063 | D:3      | Noticed Natasha
  3067 | D:3      | Killed Natasha
  3068 | D:3      | Reached XP level 6. HP: 46/46 MP: 10/10
  3079 | D:3      | Found a blossoming altar of Fedhas.
  3785 | D:4      | Noticed Menkaure
  3804 | D:4      | Killed Menkaure
  3805 | D:4      | Reached skill level 5 in Unarmed Combat
  3805 | D:4      | Gained mutation: You are mostly covered in razor-sharp
                  | scales. (AC +2, Slay +2) [demonic ancestry]
  3805 | D:4      | Reached XP level 7. HP: 39/52 MP: 6/12
  3832 | D:4      | Found a staircase to the Ecumenical Temple.
  3905 | Temple   | Entered the Ecumenical Temple
  3988 | Temple   | Became a worshipper of Cheibriados the Contemplative
  4131 | D:4      | Found a radiant altar of Vehumet.
  4134 | D:4      | Found an ancient bone altar of Kikubaaqudgha.
  4137 | D:4      | Found an iron altar of Okawaru.
  4140 | D:4      | Found a shimmering blue altar of Sif Muna.
  4406 | D:5      | Entered Level 5 of the Dungeon
  4695 | D:5      | HP: 1/52 [centaur/arrow (9)]
  4696 | D:5      | Mangled by an iguana

Illustrated notes

Levels and vault maps discovered:
D:1:      amcnicky_arrival_gap_in_the_tavern_cellar, layout_basic
D:2:      layout_basic, shapermc_ecumenical_altar_gd
D:3:      layout_basic, overflow_temple_1_default, uniq_sigmund, uniq_terence,
          uniq_natasha
D:4:      layout_cave_pools, grunt_temple_overflow_cloverleaf,
          minmay_temple_entry_nine_rooms, minivault_24, chequers_jeans,
          uniq_menkaure
D:5:      black_bear_nest_1, layout_basic, kennysheep_generic_room_9
Temple:   nicolae_temple_hex_pool

Skill      XL: |  1  2  3  4  5  6 |
---------------+-------------------+-----
Transmutations | 2 3 |  3.6
Unarmed Combat | 3 4 5 |  5.3
Fighting       | 2 3 |  3.5
Spellcasting   | 3 |  3.8
Dodging        | |  1.7

Action                   |  1- 3 |  4- 6 |  7- 9 || total
-------------------------+-------+-------+-------++-------
Melee: Unarmed           |    97 |    63 |    32 ||   192
       Kick              |    13 |     9 |     7 ||    29
       Headbutt          |     9 |     3 |       ||    12
       Punch             |     1 |       |       ||     1
 Cast: Beastly Appendage |    22 |     8 |       ||    30
       Spider Form       |       |     3 |       ||     3
  Use: Scroll            |       |     2 |     2 ||     4
 Stab: Sleeping          |     5 |       |       ||     5
       Distracted        |       |     1 |       ||     1
Armor: Robe              |    19 |     3 |     5 ||    27
Dodge: Dodged            |    40 |    34 |    18 ||    92

Table legend: (Time is in decaauts)
 A = Elapsed time spent in this place.
 B = Non-inter-level travel time spent in this place.
 C = Inter-level travel time spent in this place.
 D = Time resting spent in this place.
 E = Time spent auto-exploring this place.
 F = Levels seen in this place.
 G = Mean time per level.
                   A        B        C        D        E       F      G
               +--------+--------+--------+--------+--------+-----+--------+
         Total |   4822 |   4437 |    385 |     85 |   3851 |   6 |  803.7 |
       Dungeon |   4700 |   4364 |    336 |     85 |   3779 |   5 |  940.0 |
        Temple |    121 |     73 |     48 |      0 |     72 |   1 |  121.0 |
               +--------+--------+--------+--------+--------+-----+--------+

Top non-repeatable levels by time:
     D:3: 1259 daAuts
     D:2: 1203 daAuts
     D:1: 1095 daAuts
     D:4: 825 daAuts
     D:5: 316 daAuts
  Temple: 121 daAuts
